Map: 亚历山大港 - 天梯版

Players

Dark - Winner!

  • Race: Zerg Zerg
  • League: Gold

Serral

  • Race: Zerg Zerg

Event: WESG 2018 Grand Finals

VOD

Have the link to the VOD?

Description

Time

  • Played on: March 14, 2019, 4:14 a.m.
  • Length: 10:58

All games in this series

Show
View Real Time Build Order
Export as new Build Order

Dark Zerg - Winner!

Build Orders: 3 Hatch before Pool, Muta Ling Bane, Zergling Baneling 

Get SALT Encoding   

  12  0:00  Drone  
  13  0:12  Overlord  
  13  0:18  Drone  
  14  0:31  Drone x2  
  14  0:34  Drone  
  17  0:50  Drone  
  17  0:55  Hatchery  
  17  1:17  Hatchery  
  17  1:18  Drone  
  17  1:24  Drone  
  18  1:32  Extractor  
  17  1:39  Spawning Pool  
  16  1:40  Drone  
  16  1:42  Drone  
  16  1:46  Drone  
  19  1:53  Drone  
  20  2:07  Drone  
  21  2:10  Drone  
  21  2:12  Drone  
  23  2:19  Drone  
  24  2:25  Queen x2  
  28  2:30  Queen  
  28  2:33  Zergling x2  
  31  2:39  Metabolic Boost  
  31  2:43  Overlord  
  31  2:46  Drone  
  31  2:48  Drone  
  33  2:52  Drone  
  33  2:57  Baneling Nest  
  33  2:59  Drone  
  33  3:01  Drone  
  35  3:07  Zergling x4  
  35  3:09  Zergling x2  
  35  3:12  Zergling x2  
  39  3:18  Overlord  
  39  3:21  Zergling x4  
  39  3:22  Drone  
  42  3:36  Drone x2  
  42  3:37  Overlord  
  42  3:39  Drone x4  
  48  3:41  Baneling x2  
  48  3:43  Drone  
  48  3:45  Baneling  
  48  3:46  Baneling  
  49  3:51  Overlord  
  49  3:54  Overlord  
  49  3:59  Drone x3  
  52  4:06  Baneling x2  
  52  4:07  Zergling x2  
  52  4:08  Zergling x6  
  52  4:09  Drone  
  57  4:16  Overlord, Drone  
  58  4:21  Drone x2  
  58  4:22  Drone  
  58  4:23  Roach Warren  
  60  4:25  Drone x2  
  60  4:32  Drone x3  
  62  4:41  Baneling x2  
  62  4:43  Zergling x4  
  62  4:44  Drone x5, Extractor  
  67  4:45  Extractor  
  67  4:48  Drone x2  
  67  4:49  Evolution Chamber  
  67  4:51  Baneling x2  
  67  4:52  Drone x2  
  69  4:56  Zergling x4  
  69  4:59  Drone x3  
  68  5:00  Drone  
  68  5:01  Drone  
  68  5:04  Drone  
  70  5:11  Zergling x4  
  70  5:13  Baneling  
  70  5:14  Baneling  
  71  5:15  Zergling x8  
  71  5:19  Baneling x2  
  74  5:23  Drone x3  
  74  5:25  Drone x4  
  74  5:26  Extractor  
  80  5:35  Drone x2  
  82  5:36  Overlord, Lair  
  82  5:37  Overlord  
  82  5:40  Overlord  
  82  5:43  Overlord  
  80  5:52  Overlord  
  80  5:53  Overlord  
  80  5:55  Zergling x6  
  82  5:57  Roach x2  
  82  5:58  Roach x2  
  82  5:59  Roach  
  82  6:00  Drone x2  
  82  6:03  Drone x2  
  82  6:04  Extractor  
  94  6:05  Extractor  
  94  6:10  Drone  
  93  6:20  Drone  
  93  6:22  Roach  
  93  6:23  Roach x2  
  100  6:25  Roach  
  100  6:31  Roach x2  
  106  6:32  Roach  
  106  6:33  Roach x3  
  106  6:34  Roach x2  
  106  6:35  Zerg Missile Weapons Level 1  
  116  6:44  Drone  
  116  6:45  Spire, Drone, Hatchery  
  115  6:53  Overlord x2  
  115  6:54  Overlord x2  
  115  6:58  Overlord x2  
  115  7:04  Glial Reconstitution  
  114  7:19  Overlord  
  114  7:24  Overseer  
  114  7:32  Roach x4  
  125  7:37  Roach x3  
  125  7:38  Roach x2  
  131  7:46  Overlord  
  131  7:56  Mutalisk x6  
  131  7:57  Mutalisk  
  145  7:58  Roach  
  145  7:59  Roach x6  
  159  8:12  Roach x5  
  171  8:13  Roach x4  
  177  8:20  Drone x2  
  177  8:21  Centrifical Hooks  
  177  8:24  Drone x2  
  181  8:32  Zerg Missile Weapons Level 2  
  181  8:33  Overlord  
  181  8:38  Zergling x2  
  181  8:39  Zergling x20  
  192  8:42  Extractor  
  192  8:44  Extractor  
  192  8:46  Overlord x2  
  190  8:59  Zergling x14  
  197  9:05  Queen  
  197  9:08  Baneling x13  
  197  9:09  Baneling x6  
  199  9:10  Zergling x2  
  199  9:14  Baneling  
  199  9:15  Baneling x10  
  200  9:21  Baneling x5  
  200  9:27  Baneling x5  
  199  9:42  Roach  
  195  9:48  Roach x2  
  195  9:49  Roach  
  195  9:51  Roach  
  195  9:52  Roach x9  
  176  9:53  Roach x2  
  176  9:54  Roach x3  
  162  10:00  Roach x4  
  172  10:07  Roach x2  
  172  10:10  Roach x2  
  172  10:11  Roach  
  172  10:13  Roach  
  178  10:17  Roach  
  178  10:18  Ravager x2  
  178  10:19  Roach  
  184  10:23  Roach x2  
  184  10:26  Roach  
  190  10:30  Roach  
  192  10:37  Roach x2  
Show
View Real Time Build Order
Export as new Build Order

Serral Zerg 

Build Orders: Hatch First, Zergling Baneling 

Get SALT Encoding   

  12  0:00  Drone  
  13  0:13  Overlord  
  13  0:18  Drone  
  14  0:31  Drone x2  
  16  0:49  Hatchery  
  15  0:53  Drone  
  15  0:56  Drone  
  17  0:59  Drone  
  18  1:10  Extractor  
  17  1:15  Spawning Pool  
  17  1:18  Drone  
  17  1:21  Drone  
  18  1:29  Drone  
  19  1:39  Drone  
  20  1:50  Drone  
  21  2:00  Overlord  
  21  2:01  Queen  
  21  2:02  Queen  
  21  2:03  Zergling x2  
  26  2:10  Metabolic Boost  
  26  2:12  Drone  
  28  2:15  Drone  
  28  2:23  Drone x2  
  30  2:37  Hatchery  
  30  2:40  Zergling x2  
  30  2:43  Zergling x2  
  31  2:49  Baneling Nest  
  31  2:50  Drone  
  31  2:54  Overlord  
  31  2:57  Drone  
  32  2:59  Drone  
  33  3:05  Drone  
  33  3:06  Drone  
  33  3:09  Overlord  
  33  3:11  Drone  
  36  3:16  Zergling x2  
  36  3:17  Zergling x2  
  36  3:19  Drone  
  39  3:21  Drone  
  39  3:23  Drone  
  39  3:26  Drone  
  42  3:34  Queen  
  42  3:36  Drone x2  
  42  3:39  Drone  
  47  3:43  Drone  
  47  3:44  Evolution Chamber  
  47  3:45  Baneling  
  47  3:46  Drone  
  48  3:50  Zergling x2  
  48  3:52  Overlord  
  48  3:53  Drone  
  48  3:54  Drone  
  51  3:57  Baneling  
  51  3:58  Zergling x2  
  51  3:59  Drone  
  53  4:03  Zergling x2  
  53  4:06  Baneling  
  53  4:07  Drone x3  
  57  4:14  Zerg Missile Weapons Level 1  
  57  4:16  Drone  
  57  4:17  Drone x3  
  61  4:30  Zergling x4  
  62  4:31  Drone  
  62  4:32  Drone x2, Baneling  
  62  4:33  Baneling  
  58  4:41  Baneling x2  
  58  4:42  Drone x5  
  63  4:45  Extractor  
  63  4:46  Roach Warren, Drone x2, Extractor  
  63  4:50  Zergling x4  
  63  4:52  Drone  
  65  4:54  Drone  
  65  4:58  Baneling x2  
  65  5:03  Drone  
  64  5:07  Drone  
  65  5:16  Drone  
  65  5:18  Baneling x2  
  65  5:19  Extractor x2  
  63  5:24  Zergling x4  
  63  5:26  Overlord  
  63  5:27  Overlord  
  65  5:29  Overlord  
  65  5:32  Overlord  
  64  5:36  Baneling x2  
  64  5:38  Zergling x2  
  64  5:39  Hatchery  
  63  5:43  Roach  
  63  5:46  Roach x3  
  63  5:48  Roach x3, Zergling x6  
  75  5:52  Roach x2, Zergling x6  
  75  5:53  Roach  
  72  5:59  Roach  
  72  6:00  Roach  
  75  6:06  Lair  
  75  6:08  Drone  
  75  6:09  Drone  
  77  6:12  Drone  
  77  6:15  Drone x2  
  80  6:19  Drone x2  
  80  6:24  Drone x3  
  85  6:30  Queen  
  87  6:36  Overlord  
  86  6:40  Roach x3  
  86  6:42  Drone  
  86  6:43  Drone  
  94  6:47  Drone x3  
  94  6:53  Drone x2  
  99  7:01  Overlord  
  99  7:02  Roach  
  99  7:03  Roach x4  
  99  7:07  Zerg Missile Weapons Level 2  
  108  7:10  Glial Reconstitution  
  108  7:17  Drone x3  
  108  7:19  Overseer  
  108  7:21  Overlord x2  
  113  7:23  Roach x2  
  113  7:29  Overlord  
  115  7:35  Drone x5  
  119  7:38  Overlord x2  
  119  7:40  Overlord  
  119  7:41  Overlord  
  119  7:43  Ravager x3  
  122  7:47  Pneumatized Carapace  
  122  7:48  Roach  
  124  7:54  Roach x4  
  132  7:59  Ravager  
  132  8:03  Roach x4  
  141  8:08  Overlord  
  141  8:11  Roach x4  
  149  8:18  Roach x4  
  157  8:22  Queen  
  157  8:25  Queen  
  161  8:30  Spore Crawler  
  161  8:31  Spore Crawler  
  161  8:33  Spore Crawler  
  158  8:35  Spore Crawler  
  158  8:39  Queen  
  158  8:40  Queen  
  161  8:45  Overlord x2  
  160  8:56  Overlord  
  160  8:58  Overlord  
  159  9:04  Roach x7  
  159  9:07  Roach  
  175  9:12  Roach  
  175  9:15  Overlord  
  175  9:19  Roach  
  175  9:20  Roach x5  
  187  9:27  Ravager x2  
  187  9:30  Overlord  
  189  9:33  Roach x5  
  198  9:39  Nydus Network  
  193  9:50  Roach x7  
  171  9:53  Roach  
  171  9:54  Roach  
  171  9:59  Queen  
  150  10:00  Queen  
  150  10:04  Overseer  
  150  10:06  Overseer  
  146  10:09  Queen  
  146  10:11  Spore Crawler  
  146  10:12  Roach x2  
  149  10:16  Roach  
  149  10:17  Roach  
  153  10:22  Roach x3  
  160  10:31  Ravager  
  160  10:33  Ravager  
  162  10:38  Nydus Canal  
Tags
 
Add a new tag
Caveats
  • Supply blocks, unpowered buildings, or Contaminate may cause inaccurate times.
  • Supply counts are checked every 10 seconds.